 Dungeon Crawl Stone Soup version 0.29.1-13-g9f3cf754e1 (webtiles) character file.

Game seed: 12310187635275154421

2 Vulpanium the Shield-Bearer (level 1, -2/18 HPs)
             Began as a Human Fighter on Jan 22, 2023.
             Slain by a hobgoblin (4 damage)
             ... on level 1 of the Dungeon.
             The game lasted 00:00:37 (206 turns).

Vulpanium the Shield-Bearer (Human Fighter)          Turns: 206, Time: 00:00:38

Health: -2/18      AC:  6    Str: 16    XL:     1   Next: 44%
Magic:  1/1        EV:  8    Int:  8    God:
Gold:   8          SH:  4    Dex: 12    Spells: 0/0 levels left

rFire   . . .      SeeInvis .   a - +0 war axe
rCold   . . .      Faith    .   c - +0 buckler
rNeg    . . .      Spirit   .   b - +0 scale mail
rPois   .          Reflect  .   (no helmet)
rElec   .          Harm     .   (no cloak)
rCorr   .          Rampage  .   (no gloves)
Will    .....                   (no boots)
Stlth   ..........              (no amulet)
HPRegen 0.06/turn               (no ring)
MPRegen 0.07/turn               (no ring)

@: no status effects
A: no striking features
a: no special abilities


You were on level 1 of the Dungeon.
You visited 1 branch of the dungeon, and saw 1 of its levels.

You collected 8 gold pieces.

Inventory:

Hand Weapons
 a - a +0 war axe (weapon)
Armour
 b - a +0 scale mail (worn)
 c - a +0 buckler (worn)
Scrolls
 e - a scroll of poison {unknown}
Potions
 d - a potion of might


   Skills:
 + Level 3.0 Fighting
 + Level 2.0 Axes
 + Level 3.0 Armour
 + Level 3.0 Shields


You couldn't memorise any spells.
You didn't know any spells.
Your spell library was empty.

Dungeon Overview and Level Annotations

Branches:
Dungeon (1/15)

Altars:


Message History

The rat bites you but does no damage. The hobgoblin barely misses you.
You block the rat's attack.
The hobgoblin hits you but does no damage.
The rat bites you but does no damage.
The hobgoblin hits you but does no damage.
You block the rat's attack. You block the hobgoblin's attack.
You block the rat's attack. The hobgoblin completely misses you.
The rat bites you.
The hobgoblin hits you but does no damage.
You block the rat's attack. The hobgoblin completely misses you.
You block the rat's attack. You block the hobgoblin's attack.
The rat barely misses you. The hobgoblin closely misses you.
The rat bites you but does no damage. The hobgoblin barely misses you.
The rat bites you but does no damage. The hobgoblin closely misses you.
The rat barely misses you. The hobgoblin hits you. The rat bites you.
The hobgoblin closely misses you. The rat bites you.
You block the hobgoblin's attack. The rat completely misses you.
The hobgoblin hits you but does no damage.
The rat barely misses you. The hobgoblin closely misses you.
The rat barely misses you.
The hobgoblin hits you but does no damage.
The rat bites you. The hobgoblin hits you.
The rat bites you but does no damage. The hobgoblin hits you.
* * * LOW HITPOINT WARNING * * *
The rat barely misses you.
The hobgoblin hits you but does no damage.
The rat bites you.
* * * LOW HITPOINT WARNING * * *
The hobgoblin barely misses you. The rat bites you but does no damage.
The hobgoblin closely misses you. The rat bites you.
* * * LOW HITPOINT WARNING * * *
The hobgoblin hits you but does no damage.
The rat closely misses you. The hobgoblin barely misses you.
You block the rat's attack. The hobgoblin barely misses you.
The rat barely misses you.
The hobgoblin hits you but does no damage.
You block the rat's attack. The hobgoblin hits you.
You die...

♣♣..♣♣#....#..##
#♣♣.....#'#.....>#
~♣........#......#
~~..#'#♣..##.#...###.###
~~.##.##♣..##...........
~~.#...#♣♣♣♣##..?###.###
8~~#...#######...#
~~~##..'....##...#
~8~.######..##..@#
~~~.....♣#'###.rg.~~~~~$
~~......♣#..###..#~###≈.
~~###'#..#..# #..#~≈≈
~~#<#.#..#..# #?.# ≈#~
~~#'#.#..#### ##.# ≈# ≈#
~##...#♣....♣ #.# # .
##....#♣....♣ #.#
#<...#♣....♣


You could see a hobgoblin and a rat.

Vanquished Creatures
  An endoplasm (D:1)
  2 rats (D:1)
3 creatures vanquished.

Notes
Turn   | Place    | Note
-------+----------+-------------------------------------------
     0 | D:1      | Vulpanium the Human Fighter began the quest for the Orb.
     0 | D:1      | Reached XP level 1. HP: 18/18 MP: 1/1
   206 | D:1      | Slain by a hobgoblin

Illustrated notes

Levels and vault maps discovered:
D:1:      sevenhm_arrival_forest_fort_small_5, layout_basic,
          minmay_misc_feat_iff, minmay_crystal_water, minmay_misc_feat_ornament

Action                   || total
-------------------------++-------
Melee: War axe           ||     4
Armor: Scale mail        ||    20
Dodge: Dodged            ||    27
Block: Buckler           ||    13
